 Dungeon Crawl Stone Soup version 0.28-a0-1524-ge72afd5fc6 (webtiles) character file.

Game seed: 972406221821452690

1033 dolemite99 the Ruffian (level 8, 0/67 HPs)
             Began as a Troll Earth Elementalist on Jan 18, 2022.
             Was a Believer of Nemelex Xobeh.
             Slain by Prince Ribbit (1 damage)
             ... on level 5 of the Dungeon.
             The game lasted 00:04:42 (4524 turns).

dolemite99 the Ruffian (Troll Earth Elementalist)   Turns: 4524, Time: 00:04:43

Health: 0/67       AC:  5    Str: 17    XL:     8   Next: 3%
Magic:  10/11      EV:  9    Int: 19    God:    Nemelex Xobeh [**....]
Gold:   216        SH:  0    Dex: 10    Spells: 5/9 levels left

rFire   . . .      SeeInvis .     - Unarmed
rCold   + . .      Faith    .   (no shield)
rNeg    . . .      Spirit   .   i - +1 robe {rC+}
rPois   .          Reflect  .   (helmet restricted)
rElec   .          Harm     .   (no cloak)
rCorr   +          Rampage  .   (gloves unavailable)
Will    .....                   (boots unavailable)
Stlth   +.........              (no amulet)
HPRegen 1.01/turn               g - +6 ring of intelligence
MPRegen 0.12/turn               m - ring of resist corrosion

@: no status effects
A: large, unfitting armour, claws 3, regeneration 1, shaggy fur 1, tough skin 1
a: Renounce Religion, Draw Escape, Draw Destruction, Draw Summoning


You were on level 5 of the Dungeon.
You worshipped Nemelex Xobeh.
Nemelex Xobeh was pleased with you.
You visited 1 branch of the dungeon, and saw 5 of its levels.

You collected 216 gold pieces.

Inventory:

Hand Weapons
 k - a +0 hunting sling
Missiles
 b - 2 large rocks
 c - 74 stones (quivered)
 e - 24 sling bullets
 j - 77 arrows
 q - 6 poisoned darts
Armour
 i - a +1 robe of cold resistance (worn)
Jewellery
 g - a +6 ring of intelligence (left claw)
 m - a ring of resist corrosion (right claw)
 u - a ring of wizardry
Scrolls
 a - a scroll of enchant weapon {unknown}
 d - a scroll of immolation {unknown}
 f - a scroll of teleportation {unknown}
 n - a scroll of noise {unknown}
 p - a scroll of vulnerability {unknown}
 r - 3 scrolls of enchant armour {unknown}
 v - a scroll of identify {@r1}
Potions
 h - a potion of cancellation
 l - 2 potions of flight
 o - a potion of curing
 t - a potion of brilliance


   Skills:
 - Level 1.5 Dodging
 - Level 1.0 Stealth
 + Level 6.8 Unarmed Combat
 - Level 1.2 Spellcasting
 - Level 0.6 Transmutations
 - Level 2.6 Earth Magic
 + Level 5.5 Invocations


You had 5 spell levels left.
You knew the following spells:

 Your Spells              Type           Power      Damage    Failure   Level
a - Sandblast             Erth           22%        2d7       6%          1
b - Passwall              Tmut/Erth      5%         N/A       14%         2
c - Animate Skeleton      Necr           2%         N/A       19%         1

Your spell library contained the following spells:

 Spells                   Type           Power      Damage    Failure   Level
 Pain                     Necr           4%         1d4       19%         1
 Static Discharge         Conj/Air       1%         N/A       28%         2
 Stone Arrow              Conj/Erth      12%        3d7       32%         3
 Vampiric Draining        Necr           1%         2d6       50%         3
 Petrify                  Tmut/Erth      7%         N/A       67%         4
 Dispel Undead            Necr           1%         3d6       88%         4
 Passage of Golubria      Tloc           1%         N/A       88%         4
 Sticky Flame             Conj/Fire      1%         2d3       88%         4
 Silence                  Hex/Air        0%         N/A       99%         5
 Lehudib's Crystal Spear  Conj/Erth      3%         10d2      100%        8


Dungeon Overview and Level Annotations

Branches:
Dungeon (5/15)
 Temple: D:4-7

Altars:
Cheibriados
Dithmenos
Gozag
Hepliaklqana
Nemelex Xobeh
Xom

Annotations:
D:5 Prince Ribbit


Innate Abilities, Weirdness & Mutations

You are too large for most types of armour.
You have claws for hands.
Your natural rate of healing is unusually fast.
You are covered in fur. (AC +1)
You have tough skin. (AC +1)


Message History

Casting: Sandblast (safe; 6% risk of failure)
Confirm with . or Enter, or press ? or * to list all spells.
Aiming: Sandblast (safe; 6% risk of failure)
Press: ? - help, Shift-Dir - straight line, f/p - Prince Ribbit
Aim: Prince Ribbit (moderately wounded, 63% to hit)
The blast of sand hits Prince Ribbit!
Prince Ribbit is heavily wounded.
c - 74 stones Prince Ribbit barely misses you.
Prince Ribbit hits you.
You scratch Prince Ribbit.
Prince Ribbit is heavily wounded.
Prince Ribbit hits you!
You barely miss Prince Ribbit.
Prince Ribbit is heavily wounded.
Prince Ribbit hits you!
* * * LOW HITPOINT WARNING * * *
You feel much better.
Prince Ribbit blinks!
Prince Ribbit hits you!
* * * LOW HITPOINT WARNING * * *
You feel much better.
Prince Ribbit blinks!
You aren't carrying any items that you can evoke.
Unknown command.
Prince Ribbit hits you! x2
* * * LOW HITPOINT WARNING * * *
You miss Prince Ribbit. Your claw misses Prince Ribbit.
Prince Ribbit is heavily wounded.
Prince Ribbit hits you but does no damage.
You miss Prince Ribbit.
Prince Ribbit is heavily wounded.
Prince Ribbit closely misses you.
You barely miss Prince Ribbit.
Prince Ribbit is heavily wounded.
Prince Ribbit hits you but does no damage.
You scratch Prince Ribbit.
Prince Ribbit is heavily wounded.
Prince Ribbit hits you!
* * * LOW HITPOINT WARNING * * *
Prince Ribbit hits you.
You die...
Your body glows slightly and disappears.

.# #........#
.#
#.#.#.####.###
.#
#..........#
##
#.###.####.###
#..........#
#.###.###..#
##.###..#
#.......###
#....@....#
#.#...F(###
#..........#
#.##.#.##### #
#####


You could see Prince Ribbit.

Vanquished Creatures
  Sigmund (D:2)
  A water moccasin (D:5)
  A black bear (D:5)
  2 ogres (D:4)
  The ghost of drawgostyle the Conjurer, an amateur OpCj (D:3)
  A phantom (D:4)
  A bullfrog (D:3)
  An orc priest (D:4)
  2 iguanas (D:5)
  3 hound skeletons
  A howler monkey skeleton (D:4)
  4 gnolls (D:3)
  6 adders
  An ufetubus (D:4)
  An adder skeleton (D:4)
  5 worms
  3 dart slugs
  5 bats
  7 endoplasms
  6 giant cockroaches
  4 goblins (D:1)
  7 hobgoblins
  2 jackals (D:2)
  4 quokkas
  3 ball pythons
  3 frilled lizards
  6 kobolds
  2 rats (D:2)
84 creatures vanquished.

Vanquished Creatures (others)
  4 fungi (D:1)
  6 plants (D:2)
10 creatures vanquished.

Grand Total: 94 creatures vanquished

Notes
Turn   | Place    | Note
-------+----------+-------------------------------------------
     0 | D:1      | dolemite99 the Troll Earth Elementalist began the quest for
                  | the Orb.
     0 | D:1      | Reached XP level 1. HP: 16/16 MP: 1/1
    84 | D:1      | Reached skill level 1 in Unarmed Combat
   240 | D:1      | Reached XP level 2. HP: 24/24 MP: 0/2
   295 | D:1      | Reached skill level 2 in Unarmed Combat
   603 | D:1      | Found a faded altar of an unknown god.
   638 | D:1      | Prayed at the altar of an unknown god.
   638 | D:1      | Became a worshipper of Nemelex Xobeh the Trickster
   638 | D:1      | Reached * piety under Nemelex Xobeh
   638 | D:1      | Received a gift from Nemelex Xobeh
   822 | D:1      | Reached XP level 3. HP: 31/31 MP: 3/3
   913 | D:2      | Noticed Sigmund
   926 | D:2      | Killed Sigmund
   927 | D:2      | Reached skill level 4 in Unarmed Combat
   927 | D:2      | Reached XP level 4. HP: 32/39 MP: 4/4
   927 | D:2      | Reached XP level 5. HP: 37/45 MP: 5/5
  1016 | D:2      | Learned a level 2 spell: Passwall
  1499 | D:2      | Reached ** piety under Nemelex Xobeh
  1610 | D:2      | Found a hazy altar of Hepliaklqana.
  1900 | D:3      | Learned a level 1 spell: Animate Skeleton
  1921 | D:3      | Found a large runed translucent door.
  1921 | D:3      | Found a large runed translucent door.
  1922 | D:3      | Noticed drawgostyle's ghost (amateur OpCj)
  2274 | D:3      | Found an opulent altar of Gozag.
  2348 | D:3      | Reached XP level 6. HP: 46/53 MP: 7/7
  2386 | D:3      | Found a shadowy altar of Dithmenos.
  2386 | D:3      | Found a snail-covered altar of Cheibriados.
  2448 | D:3      | Killed drawgostyle's ghost
  2449 | D:3      | Reached skill level 5 in Unarmed Combat
  2699 | D:5      | Entered Level 5 of the Dungeon
  2909 | D:4      | Found a shimmering altar of Xom.
  2929 | D:4      | Reached XP level 7. HP: 57/59 MP: 9/9
  3443 | D:4      | Reached skill level 6 in Unarmed Combat
  4072 | D:5      | Reached skill level 5 in Invocations
  4469 | D:5      | Reached XP level 8. HP: 41/67 MP: 11/11
  4498 | D:5      | Noticed Prince Ribbit
  4524 | D:5      | HP: 1/67 [Prince Ribbit (15)]
  4524 | D:5      | Slain by Prince Ribbit

Illustrated notes

Levels and vault maps discovered:
D:1:      mrwooster_arrival_arrow, layout_basic, shapermc_ecumenical_altar_gd
D:2:      layout_loops_ring, basic_altar, chequers_big_river,
          small_statue_intersection, minivault_26, serial_bayou_ford_a,
          kennysheep_donut, uniq_sigmund
D:3:      layout_rooms, grunt_gozag_breadcrumbs,
          gammafunk_temple_overflow_elements, ebering_ghost_disaster_area
D:4:      layout_layer_cave, xom_confusion_cloud, kennysheep_generic_room_7
D:5:      layout_basic, nicolae_elyvilon_peaceful_grove, nrook_mini_backslash,
          uniq_prince_ribbit1

Skill      XL: |  1  2  3  4  5  6  7 |
---------------+----------------------+-----
Unarmed Combat | 1 2 4 5 6 |  6.8
Invocations    | 2 3 4 5 |  5.5
Dodging        | |  1.5
Stealth        | |  1.0
Spellcasting   | |  1.2
Transmutations | |  0.6
Earth Magic    | |  2.6

Action                   |  1- 3 |  4- 6 |  7- 9 || total
-------------------------+-------+-------+-------++-------
Melee: Unarmed           |    70 |    95 |   112 ||   277
       Punch             |     1 |     3 |     6 ||    10
Throw: Stone             |       |     2 |    16 ||    18
 Cast: Sandblast         |     7 |    17 |     2 ||    26
  Use: Scroll            |       |       |     6 ||     6
       Potion            |       |       |     2 ||     2
 Stab: Sleeping          |     1 |       |     1 ||     2
Armor: Robe              |    17 |    18 |    26 ||    61
Dodge: Dodged            |    32 |    36 |    40 ||   108

Table legend: (Time is in decaauts)
 A = Elapsed time spent in this place.
 B = Non-inter-level travel time spent in this place.
 C = Inter-level travel time spent in this place.
 D = Time resting spent in this place.
 E = Time spent auto-exploring this place.
 F = Levels seen in this place.
 G = Mean time per level.
                   A        B        C        D        E       F      G
               +--------+--------+--------+--------+--------+-----+--------+
         Total |   4524 |   4423 |    101 |    752 |   2754 |   5 |  904.8 |
       Dungeon |   4524 |   4423 |    101 |    752 |   2754 |   5 |  904.8 |
               +--------+--------+--------+--------+--------+-----+--------+

Top non-repeatable levels by time:
     D:4: 1307 daAuts
     D:2: 943 daAuts
     D:3: 881 daAuts
     D:1: 872 daAuts
     D:5: 518 daAuts
